 Seeded DCSS version 0.28-a0-1356-g2ad6d04315 (webtiles) character file.

Game seed: 20211230 (custom seed)

191 a11behringer the Chopper (level 5, -1/35 (47) HPs)
             Began as a Hill Orc Fighter on Dec 30, 2021.
             Slain by Edmund (2 damage)
             ... on level 4 of the Dungeon.
             The game lasted 00:05:23 (2986 turns).

a11behringer the Chopper (Hill Orc Fighter)         Turns: 2986, Time: 00:05:24

HP:   -1/35 (47)    AC:  8    Str: 21    XL:     5   Next: 70%
MP:   5/5           EV:  9    Int:  8    God:
Gold: 183           SH:  4    Dex: 10    Spells: 4/4 levels left

rFire   . . .      SeeInvis .   a - +1 war axe
rCold   . . .      Faith    .   c - +0 buckler
rNeg    . . .      Spirit   .   b - +0 scale mail
rPois   .          Reflect  .   r - +1 hat
rElec   .          Harm     .   (no cloak)
rCorr   .          Rampage  .   (no gloves)
Will    .....                   (no boots)
Stlth   ..........              (no amulet)
HPRegen 0.11/turn               (no ring)
MPRegen 0.09/turn               (no ring)

@: mighty, studying Crossbows, very heavily drained
A: no striking features
a: no special abilities


You were on level 4 of the Dungeon.
You visited 1 branch of the dungeon, and saw 4 of its levels.

You collected 183 gold pieces.

Inventory:

Hand Weapons
 a - a +1 war axe (weapon)
 q - a +3 hand axe
Missiles
 e - 73 sling bullets
 g - 42 arrows
 i - 6 boomerangs (quivered)
 o - 6 javelins
Armour
 b - a +0 scale mail (worn)
 c - a +0 buckler (worn)
 r - a +1 hat (worn)
Wands
 j - a wand of flame (7)
Scrolls
 f - a scroll of teleportation
Potions
 h - 2 potions of curing
 k - a potion of magic {unknown}
 n - a potion of heal wounds {unknown}


   Skills:
 + Level 4.3 Fighting
 * Level 6.0 Axes
 + Level 4.2 Armour
 + Level 0.1 Dodging
 + Level 3.6 Shields


You had 4 spell levels left.
You didn't know any spells.
Your spell library contained the following spells:

 Spells                   Type           Power      Damage    Failure   Level
 Foxfire                  Conj/Fire      0%         2x1d4     77%         1
 Ensorcelled Hibernation  Hex/Ice        0%         N/A       88%         2
 Passwall                 Tmut/Erth      0%         N/A       88%         2
 Spider Form              Tmut/Pois      0%         N/A       98%         3
 Swiftness                Air            0%         N/A       98%         3


Dungeon Overview and Level Annotations

Branches:
Dungeon (4/15)
 Temple: D:4-7

Altars:
Sif Muna
Trog

Shops:
D:3 [

Annotations:
D:4 Edmund


Message History

The hound skeleton bites you but does no damage.
You hit the ufetubus.
You kill the ufetubus!
You slash the hound skeleton! You hit Edmund but do no damage.
The hound skeleton closely misses you.
Edmund hits you with a +1 flail of draining.
You feel drained.
You slash the hound skeleton!
You destroy the hound skeleton!
You hit Edmund but do no damage.
Edmund hits you with a +1 flail of draining.
You feel drained.
Your Axes skill increases to level 6!
You completely miss Edmund.
Edmund hits you with a +1 flail of draining.
You feel drained.
You are too injured to fight recklessly!
You are too injured to fight recklessly!
You feel very mighty all of a sudden.
Edmund hits you with a +1 flail of draining.
You feel drained.
You closely miss Edmund.
You hear the slow hiss of a very distant avalanche of sand.
You hear the slow rusting of a very distant drain.
Edmund hits you with a +1 flail of draining.
You feel drained. Edmund hits you but does no damage.
You feel drained.
You closely miss Edmund.
Edmund hits you with a +1 flail of draining.
* * * LOW HITPOINT WARNING * * *
You feel drained.
* * * LOW HITPOINT WARNING * * *
You hit Edmund.
Edmund is lightly wounded.
Edmund hits you with a +1 flail of draining!
* * * LOW HITPOINT WARNING * * *
You feel drained.
You completely miss Edmund.
Edmund is lightly wounded.
Edmund hits you with a +1 flail of draining.
You die...

. ..# #.......# # #.#
#.......#..# ####.#
#........#.#. .....#
#<.......#.. # .###.###
#.........# .# .......#
#.........#...
###....###..........# #
#....'.........@..#.#. #
#....##.......@)......
..........####+###+.#.##
#......##.# ..(..####.#
#.#### #.# .. ... # ###


You could see Edmund.

Vanquished Creatures
  A water moccasin skeleton (D:4)
  A hound skeleton (D:4)
  A gnoll (D:3)
  5 adders
  A white imp (D:3)
  An ufetubus (D:4)
  A dart slug (D:1)
  5 ball pythons
  9 endoplasms
  3 giant cockroaches
  5 goblins
  6 hobgoblins
  6 jackals
  3 kobolds
  3 quokkas
  A bat (D:1)
  A frilled lizard (D:3)
  7 rats
60 creatures vanquished.

Vanquished Creatures (others)
  2 plants (D:3)
2 creatures vanquished.

Grand Total: 62 creatures vanquished

Notes
Turn   | Place    | Note
-------+----------+-------------------------------------------
     0 | D:1      | a11behringer the Hill Orc Fighter began the quest for the
                  | Orb.
     0 | D:1      | Reached XP level 1. HP: 19/19 MP: 1/1
   296 | D:1      | Reached skill level 3 in Axes
   296 | D:1      | Reached XP level 2. HP: 27/27 MP: 2/2
   892 | D:1      | Found a faded altar of an unknown god.
  1162 | D:2      | Reached XP level 3. HP: 31/33 MP: 3/3
  1443 | D:2      | Reached skill level 4 in Axes
  2063 | D:3      | Reached XP level 4. HP: 38/40 MP: 4/4
  2142 | D:3      | Found a shimmering blue altar of Sif Muna.
  2226 | D:3      | Found a bloodstained altar of Trog.
  2234 | D:3      | Got Sif Muna's Volume of Ignition
  2369 | D:3      | Found Qasul's Armour Emporium.
  2675 | D:3      | Reached skill level 5 in Axes
  2967 | D:4      | Reached XP level 5. HP: 35/46 MP: 5/5
  2974 | D:4      | Noticed Edmund
  2981 | D:4      | Reached skill level 6 in Axes
  2985 | D:4      | HP: 1/37 [Edmund (7)]
  2986 | D:4      | Slain by Edmund

Illustrated notes

Levels and vault maps discovered:
D:1:      psy_arrival_statuary, layout_basic,
          dreamdust_ecumenical_altar_hidden_monk_grotto
D:2:      layout_loops_ring, minmay_bisected
D:3:      layout_basic, nzn_overflow_gifts_of_might_and_magic, serial_shops,
          nicolae_shop_stone, minmay_misc_feat_secret_circle,
          serial_bayou_lagoon_a
D:4:      layout_basic, nicolae_ossuary_entry_ruins, gup_sewer_entry_pipe,
          minmay_misc_feat_columns, hangedman_decor_peaks_small,
          kennysheep_generic_room_4, uniq_edmund, uniq_ijyb

Skill      XL: |  1  2  3  4  5 |
---------------+----------------+-----
Axes           | 3 4 5 6 |  6.0
Fighting       | 4 |  4.3
Armour         | 4 |  4.2
Dodging        | |  0.1
Shields        | |  3.6

Action                   |  1- 3 |  4- 6 || total
-------------------------+-------+-------++-------
Melee: War axe           |    82 |    65 ||   147
  Use: Scroll            |       |     5 ||     5
       Potion            |       |     1 ||     1
Armor: Scale mail        |    31 |    41 ||    72
Dodge: Dodged            |    36 |    31 ||    67
Block: Buckler           |    15 |    15 ||    30

Table legend: (Time is in decaauts)
 A = Elapsed time spent in this place.
 B = Non-inter-level travel time spent in this place.
 C = Inter-level travel time spent in this place.
 D = Time resting spent in this place.
 E = Time spent auto-exploring this place.
 F = Levels seen in this place.
 G = Mean time per level.
                   A        B        C        D        E       F      G
               +--------+--------+--------+--------+--------+-----+--------+
         Total |   3036 |   2836 |    200 |      0 |   2442 |   4 |  759.0 |
       Dungeon |   3036 |   2836 |    200 |      0 |   2442 |   4 |  759.0 |
               +--------+--------+--------+--------+--------+-----+--------+

Top non-repeatable levels by time:
     D:1: 1084 daAuts
     D:3: 964 daAuts
     D:2: 884 daAuts
     D:4: 102 daAuts
